[Event "Titled Tuesday Blitz July 18 Late 2023"]
[White "Mattheii"]
[Black "Meshkovs, Nikita"]
[BlackFideId "11602740"]
[WhiteElo "2527"]
[BlackElo "2742"]
[Result "0-1"]
[Round "4"]
[TimeControl "180+2"]
[Date "2023.07.18"]
[WhiteClock "0:00:28"]
[BlackClock "0:00:52"]
[Board "29"]

1. d4 Nf6 2. Nf3 e6 3. Bf4 d5 4. e3 c5 5. c3 Nc6 6. Nbd2 Nh5 7. dxc5 Nxf4 8. exf4 Bxc5 9. Bd3 Qb6 10. O-O Qxb2 11. c4 Be7 12. cxd5 exd5 13. Re1 O-O 14. Rc1 Bf6 15. Ng5 g6 16. h4 Qd4 17. Ndf3 Qxf4 18. g3 Qd6 19. h5 Bg4 20. hxg6 Bxg5 21. gxh7+ Kh8 22. Rb1 Nd4 23. Be2 Nxe2+ 24. Qxe2 Bf6 25. Rxb7 d4 26. Qd3 Qd5 27. Rb3 Bxf3 28. Qxf3 Qxf3 29. Rxf3 Bg7 30. Rd3 Rfe8 31. Rb1 Re7 32. a4 Kxh7 33. a5 Rd8 34. Kg2 Rd5 35. a6 Rd6 36. Rb7 Rxb7 37. axb7 Rb6 38. Rxd4 0-1


[Site "https://www.chess.com"]

[Event "Titled Tuesday Blitz July 18 Late 2023"]
[White "Seyhanoglu, Deniz"]
[Black "Haydon, David L"]
[WhiteFideId "6302572"]
[BlackFideId "415405"]
[WhiteElo "2433"]
[BlackElo "2706"]
[Result "0-1"]
[Round "4"]
[TimeControl "180+2"]
[Date "2023.07.18"]
[WhiteClock "0:00:02"]
[BlackClock "0:01:39"]
[Board "30"]

1. e4 c6 2. d4 d5 3. exd5 cxd5 4. c4 Nf6 5. Nc3 e6 6. Nf3 Be7 7. Bg5 Nc6 8. c5 Ne4 9. Bxe7 Qxe7 10. Rc1 O-O 11. Bd3 f5 12. O-O Bd7 13. a3 Be8 14. b4 Bh5 15. Be2 Qf6 16. b5 Ne7 17. Ne5 Bxe2 18. Qxe2 Rfd8 19. f3 Ng5 20. a4 Rac8 21. Rfe1 Ng6 22. Nxg6 Qxd4+ 23. Kh1 hxg6 24. Red1 Qf6 25. f4 Ne4 26. Nxe4 fxe4 27. g3 e5 28. fxe5 Qxe5 29. c6 bxc6 30. bxc6 d4 31. c7 Rd7 32. Qb5 Qxb5 33. axb5 d3 34. Rc4 e3 35. Re4 e2 36. Rd2 Rcxc7 37. Kg2 Rc1 38. Kf2 Rf1+ 0-1


[Site "https://www.chess.com"]

[Event "Titled Tuesday Blitz July 18 Late 2023"]
[White "Dimitrov, Atanas"]
[Black "Gomes, Luiz Alexandre de Souza"]
[WhiteFideId "2901315"]
[BlackFideId "2102790"]
[WhiteElo "2704"]
[BlackElo "2356"]
[Result "1-0"]
[Round "4"]
[TimeControl "180+2"]
[Date "2023.07.18"]
[WhiteClock "0:01:31"]
[BlackClock "0:01:40"]
[Board "31"]

1. Nf3 Nf6 2. c4 e6 3. Nc3 d5 4. e3 Be7 5. b3 O-O 6. Bb2 b6 7. Be2 Bb7 8. O-O Nbd7 9. Rc1 c5 10. cxd5 Nxd5 11. d4 Nxc3 12. Bxc3 cxd4 13. Nxd4 Nc5 14. Bf3 Bxf3 15. Qxf3 Rc8 16. Nc6 Qd7 17. Qg4 f6 18. Nxe7+ Qxe7 19. Bb4 Rfe8 20. h3 e5 21. Rfd1 Red8 22. Rxd8+ Rxd8 23. Bxc5 bxc5 24. Qc4+ Kf8 25. Qxc5 Qxc5 26. Rxc5 Rd1+ 27. Kh2 Rd2 28. Ra5 Rxf2 29. Rxa7 Re2 30. b4 Rxe3 31. b5 Re2 32. a4 Rb2 33. Kg3 f5 34. Rb7 Rb3+ 35. Kh2 e4 36. a5 e3 37. Kg3 f4+ 38. Kf3 g5 39. a6 h5 40. a7 g4+ 41. hxg4 hxg4+ 42. Kxg4 Ra3 43. Rb8+ Ke7 44. a8=Q Rxa8 45. Rxa8 e2 46. Ra1 1-0


[Site "https://www.chess.com"]

[Event "Titled Tuesday Blitz July 18 Late 2023"]
[White "Grebeniuk, Semen"]
[Black "Makarian, Rudik"]
[WhiteFideId "14117509"]
[BlackFideId "44105681"]
[WhiteElo "2575"]
[BlackElo "2990"]
[Result "0-1"]
[Round "4"]
[TimeControl "180+2"]
[Date "2023.07.18"]
[WhiteClock "0:00:00"]
[BlackClock "0:01:00"]
[Board "32"]

1. d4 d6 2. Nf3 Nf6 3. Bg5 Ne4 4. Bh4 Nd7 5. Nbd2 Ndf6 6. e3 g6 7. Bd3 Nxd2 8. Qxd2 Bg7 9. O-O O-O 10. c3 b6 11. a4 Bb7 12. Qe2 a5 13. e4 Nh5 14. Qe3 Bf6 15. Bxf6 exf6 16. Rfe1 Re8 17. Qh6 Qe7 18. Bb5 Red8 19. Nd2 Qf8 20. Qxf8+ Kxf8 21. f3 Kg7 22. Kf2 Nf4 23. Bf1 Re8 24. g3 Ne6 25. Nc4 h5 26. h4 Re7 27. Ne3 Nf8 28. Bc4 c6 29. Bf1 Ba6 30. Bxa6 Rxa6 31. Nc4 Rd7 32. Ra3 d5 33. exd5 cxd5 34. Ne3 Rd6 35. Rb3 Ra7 36. Rb5 Rad7 37. Rb1 Ne6 38. Rb3 f5 39. f4 Nc7 40. Nf1 Ne8 41. Nd2 Nf6 42. Re1 Ne4+ 43. Nxe4 fxe4 44. Rb5 Rc7 45. Ke3 Kf6 46. Ra1 Kf5 47. Kf2 Kg4 48. Ra3 e3+ 49. Kxe3 Kxg3 50. Rab3 Re7+ 51. Kd3 Kxh4 52. Rxb6 Rxb6 53. Rxb6 Kg4 54. b4 h4 55. Rb8 Kxf4 56. Rh8 g5 57. bxa5 Ra7 58. c4 Rxa5 59. cxd5 Rxa4 60. d6 Ra7 61. Kc4 f5 62. Kd5 Kg3 63. Ke6 f4 64. d7 Rxd7 65. Kxd7 f3 66. d5 f2 67. Rf8 h3 68. d6 h2 69. Kc7 h1=Q 70. d7 Qc1+ 71. Kb7 Qb2+ 72. Kc8 Qc3+ 73. Kd8 Qa5+ 74. Ke8 Qe5+ 75. Kd8 Qb8+ 76. Ke7 Qxf8+ 0-1


[Site "https://www.chess.com"]

[Event "Titled Tuesday Blitz July 18 Late 2023"]
[White "Oparin, Grigoriy"]
[Black "Ambartsumova, Karina"]
[WhiteFideId "24125890"]
[BlackFideId "4166299"]
[WhiteElo "2983"]
[BlackElo "2575"]
[Result "1-0"]
[Round "4"]
[TimeControl "180+2"]
[Date "2023.07.18"]
[WhiteClock "0:00:25"]
[BlackClock "0:00:00"]
[Board "33"]

1. e4 e5 2. Nc3 Nf6 3. Bc4 Be7 4. d3 O-O 5. Nf3 d6 6. O-O c6 7. a4 Nbd7 8. Re1 Nc5 9. d4 Ncxe4 10. Nxe4 Nxe4 11. Rxe4 d5 12. Bxd5 Qxd5 13. Rxe5 Qd8 14. Qd3 Bf6 15. Bg5 h6 16. Bxf6 Qxf6 17. h3 Be6 18. Rae1 Rad8 19. c3 Rd5 20. b4 Rfd8 21. a5 b6 22. axb6 axb6 23. Qa6 Bxh3 24. Qxb6 Qg6 25. Nh4 Qg4 26. R5e4 Qg5 27. Qxc6 Kh7 28. Qc7 R5d6 29. R1e3 Bf5 30. Nxf5 Qxf5 31. Re5 Qb1+ 32. Kh2 R8d7 33. Qc4 Rg6 34. Qd3 Qb2 35. Rf3 Qc1 36. Ref5 Ra7 37. Ra5 Re7 38. Re3 Rxe3 39. Qxe3 Qf1 40. Qf3 Rf6 41. Rf5 Rg6 42. Rxf7 Qc1 43. Rf4 Qf1 44. d5 Rg5 45. d6 Qb5 46. Qe4+ Kg8 47. Qc4+ 1-0


[Site "https://www.chess.com"]

[Event "Titled Tuesday Blitz July 18 Late 2023"]
[White "Yoo, Christopher Woojin"]
[Black "Vlassov, Nikolai"]
[WhiteFideId "30909694"]
[BlackFideId "4103360"]
[WhiteElo "2982"]
[BlackElo "2573"]
[Result "1-0"]
[Round "4"]
[TimeControl "180+2"]
[Date "2023.07.18"]
[WhiteClock "0:00:03"]
[BlackClock "0:00:00"]
[Board "34"]

1. Na3 g6 2. d4 Bg7 3. h4 h5 4. e4 c5 5. dxc5 Na6 6. Nf3 Nxc5 7. Bc4 d6 8. Ng5 Nh6 9. c3 O-O 10. O-O Ng4 11. f3 Ne5 12. Be2 f6 13. f4 Ng4 14. Bc4+ Kh8 15. Nf7+ Rxf7 16. Bxf7 Nxe4 17. Bxg6 f5 18. Nc4 Be6 19. Ne3 Qb6 20. Qf3 Bd5 21. Re1 Nxc3 22. Qf1 Ne4 23. Bxf5 Bd4 24. Bxg4 hxg4 25. f5 Be5 26. Qd3 Bc6 27. a4 Rf8 28. a5 Qc5 29. Ra4 d5 30. Rxe4 dxe4 31. Qc4 Qxc4 32. Nxc4 Bd4+ 33. Be3 Bf6 34. g3 Bg7 35. Rf1 Bd5 36. b3 a6 37. Rf4 e6 38. f6 Rxf6 39. Rxg4 Rf3 40. Bb6 Rxb3 41. Ne3 Rb2 42. h5 Bf6 43. Rg6 1-0


[Site "https://www.chess.com"]

[Event "Titled Tuesday Blitz July 18 Late 2023"]
[White "Manukyan, Artyom"]
[Black "Maghsoodloo, Parham"]
[WhiteFideId "13305786"]
[BlackFideId "12539929"]
[WhiteElo "2572"]
[BlackElo "2969"]
[Result "0-1"]
[Round "4"]
[TimeControl "180+2"]
[Date "2023.07.18"]
[WhiteClock "0:00:03"]
[BlackClock "0:01:55"]
[Board "35"]

1. e4 c5 2. Nc3 d6 3. f4 a6 4. a4 Nc6 5. Nf3 g6 6. Bc4 Bg7 7. O-O e6 8. f5 Nf6 9. fxe6 Bxe6 10. d3 O-O 11. Bg5 h6 12. Bh4 Qd7 13. Qd2 Kh7 14. Rae1 Rae8 15. Bd5 Bxd5 16. exd5 Ne7 17. Ne5 dxe5 18. Bxf6 Nxd5 19. Ne4 Qc6 20. Bxg7 Kxg7 21. c4 Nf4 22. Qc3 f6 23. g3 Nh3+ 24. Kg2 Ng5 25. Kg1 Rd8 26. Nxg5 hxg5 27. Re3 Rd4 28. Ref3 g4 29. Re3 Qxa4 30. b3 Qd7 31. Qa5 Qd6 32. b4 cxb4 33. c5 Qd8 34. Qa4 Rxd3 0-1


[Site "https://www.chess.com"]

[Event "Titled Tuesday Blitz July 18 Late 2023"]
[White "Svane, Rasmus"]
[Black "robertoalejandro10"]
[WhiteFideId "4657101"]
[WhiteElo "2956"]
[BlackElo "2569"]
[Result "1-0"]
[Round "4"]
[TimeControl "180+2"]
[Date "2023.07.18"]
[WhiteClock "0:00:50"]
[BlackClock "0:00:00"]
[Board "36"]

1. Nf3 Nf6 2. g3 g6 3. Bg2 Bg7 4. O-O O-O 5. d4 c5 6. dxc5 Na6 7. Be3 Qc7 8. Nc3 Nxc5 9. Bd4 d6 10. Bxf6 exf6 11. Nd5 Qd8 12. c3 Be6 13. Nd4 f5 14. e3 Rb8 15. Nf4 Qe7 16. Qe2 Ne4 17. Rfd1 Rfc8 18. Qd3 Bc4 19. Qc2 a5 20. a4 Nc5 21. Bd5 Ne4 22. Bxc4 Rxc4 23. Nb5 h5 24. Qd3 Rc6 25. h4 Be5 26. Nd5 Qd8 27. Kg2 Nc5 28. Qe2 Ne4 29. Rac1 Nf6 30. Nxf6+ Qxf6 31. Rc2 Qe7 32. c4 Rd8 33. Rcd2 Qe6 34. b3 Kg7 35. Qf3 Bf6 36. Rd5 Rc5 37. Rxc5 dxc5 38. Rxd8 Bxd8 39. Qxb7 Bf6 40. Qd5 Qe7 41. Nd6 Be5 42. Nxf7 Bf6 43. Nd6 Qd7 44. Nb7 Qe7 45. Nxc5 1-0


[Site "https://www.chess.com"]

[Event "Titled Tuesday Blitz July 18 Late 2023"]
[White "Sjugirov, Sanan"]
[Black "Gascon Del Nogal, Jose Rafael"]
[WhiteFideId "4189302"]
[BlackFideId "3902463"]
[WhiteElo "2936"]
[BlackElo "2559"]
[Result "1-0"]
[Round "4"]
[TimeControl "180+2"]
[Date "2023.07.18"]
[WhiteClock "0:01:52"]
[BlackClock "0:00:32"]
[Board "37"]

1. e4 c5 2. Nf3 d6 3. Bb5+ Bd7 4. c4 Nf6 5. Nc3 g6 6. O-O Bg7 7. Bxd7+ Nbxd7 8. d3 O-O 9. h3 Ne8 10. Be3 Ne5 11. Ne1 Nc6 12. f4 f5 13. Nf3 e6 14. d4 fxe4 15. Nxe4 cxd4 16. Nxd4 Bxd4 17. Bxd4 d5 18. Ng5 dxc4 19. Bc3 Qxd1 20. Raxd1 h6 21. Nxe6 Rf7 22. Rfe1 Re7 23. Nc5 Rxe1+ 24. Rxe1 b5 25. Re6 Rc8 26. Rxg6+ Kh7 27. Re6 b4 28. Be1 Nd4 29. Re7+ Kg6 30. Ne6 Nf5 31. Rxa7 c3 32. bxc3 bxc3 33. g4 c2 34. gxf5+ Kxf5 35. Nd4+ Kxf4 36. Bd2+ Ke4 37. Nb3 Nd6 38. Re7+ Kd3 39. Re3+ Kc4 40. Rc3+ Kb4 41. Rxc8+ 1-0


[Site "https://www.chess.com"]

[Event "Titled Tuesday Blitz July 18 Late 2023"]
[White "Antipov, Mikhail Al."]
[Black "Ezat, Mohamed"]
[WhiteFideId "4107012"]
[BlackFideId "10600906"]
[WhiteElo "2913"]
[BlackElo "2553"]
[Result "1-0"]
[Round "4"]
[TimeControl "180+2"]
[Date "2023.07.18"]
[WhiteClock "0:01:48"]
[BlackClock "0:01:29"]
[Board "38"]

1. e4 e5 2. Nf3 Nc6 3. Nc3 Nf6 4. Bb5 Bb4 5. Nd5 Bc5 6. c3 O-O 7. O-O d6 8. d4 Bb6 9. Bg5 Bg4 10. Qc1 exd4 11. Bxf6 gxf6 12. Qh6 1-0


[Site "https://www.chess.com"]

[Event "Titled Tuesday Blitz July 18 Late 2023"]
[White "Mekhane, Adam"]
[Black "Grigoriants, Sergey"]
[WhiteFideId "36050601"]
[BlackFideId "4130804"]
[WhiteElo "2552"]
[BlackElo "2909"]
[Result "0-1"]
[Round "4"]
[TimeControl "180+2"]
[Date "2023.07.18"]
[WhiteClock "0:02:34"]
[BlackClock "0:02:52"]
[Board "39"]

1. e4 c6 2. d4 d5 3. exd5 cxd5 4. Bd3 Nc6 5. c3 Nf6 6. h3 g6 7. Nf3 Bf5 8. Bxf5 gxf5 9. O-O e6 10. Bf4 Bd6 11. Bxd6 Qxd6 12. Nbd2 Rg8 13. Ne1 O-O-O 14. Nd3 Ne4 15. f3 Rxg2+ 16. Kxg2 Qg3+ 17. Kh1 Qxh3+ 0-1


[Site "https://www.chess.com"]

[Event "Titled Tuesday Blitz July 18 Late 2023"]
[White "Risteski, Emil"]
[Black "Rasulov, Vugar"]
[WhiteFideId "15005267"]
[BlackFideId "13402390"]
[WhiteElo "2546"]
[BlackElo "2853"]
[Result "0-1"]
[Round "4"]
[TimeControl "180+2"]
[Date "2023.07.18"]
[WhiteClock "0:00:00"]
[BlackClock "0:01:38"]
[Board "40"]

1. c4 c6 2. Nc3 d5 3. e3 Nf6 4. Nf3 Bg4 5. d4 e6 6. h3 Bh5 7. Be2 Nbd7 8. O-O Bd6 9. b3 O-O 10. Bb2 a6 11. Rc1 b5 12. cxd5 cxd5 13. a4 b4 14. Na2 a5 15. Ne5 Bxe2 16. Qxe2 Bxe5 17. dxe5 Ne4 18. Bd4 Qg5 19. Rc7 Rfd8 20. Rfc1 Nf8 21. f3 Ng3 22. Qf2 Nf5 23. Kh2 h5 24. f4 Qg6 25. R1c2 h4 26. Nc1 Ng3 27. Ne2 Nf5 28. Ng1 Qg3+ 29. Qxg3 hxg3+ 30. Kh1 Ng6 31. Ne2 Rf8 32. Bc5 Rfc8 33. Bb6 Rxc7 34. Rxc7 f6 35. exf6 gxf6 36. Nd4 Nxd4 0-1


[Site "https://www.chess.com"]

[Event "Titled Tuesday Blitz July 18 Late 2023"]
[White "Cordova, Emilio"]
[Black "Tikhonov, Viacheslav"]
[WhiteFideId "3801497"]
[BlackFideId "44196407"]
[WhiteElo "2848"]
[BlackElo "2546"]
[Result "1-0"]
[Round "4"]
[TimeControl "180+2"]
[Date "2023.07.18"]
[WhiteClock "0:00:52"]
[BlackClock "0:00:03"]
[Board "41"]

1. f4 d5 2. g3 Nf6 3. Bg2 g6 4. d3 Bg7 5. Nf3 O-O 6. O-O c6 7. c3 Bg4 8. Nbd2 Bxf3 9. Nxf3 Nfd7 10. e4 dxe4 11. dxe4 Nc5 12. e5 Qd3 13. Qxd3 Nxd3 14. Rd1 Nxc1 15. Raxc1 Rc8 16. Bf1 Kf8 17. a4 a5 18. Bc4 h6 19. h4 Ke8 20. h5 gxh5 21. Nh4 Nd7 22. Bxf7+ Kxf7 23. Rxd7 Rd8 24. Rcd1 Rxd7 25. Rxd7 Ke6 26. Rxb7 Rd8 27. Nf3 c5 28. Kf2 Rd1 29. Ke2 Ra1 30. b3 Ra2+ 31. Ke3 Rg2 32. Ke4 Rxg3 33. f5+ Kf7 34. f6 Bf8 35. Kf4 Rg2 36. Kf5 Rf2 37. e6+ Kg8 38. f7+ Kg7 39. Kf4 h4 40. Ke3 Rf1 41. Nxh4 Re1+ 42. Kd3 Rxe6 43. Rb5 Kxf7 44. Rxc5 Rb6 45. Kc2 Bg7 46. Rxa5 Bf6 47. Nf3 Kg6 48. Rc5 h5 49. a5 Rd6 50. b4 h4 51. b5 h3 52. a6 Rd8 53. a7 e5 54. b6 e4 55. b7 exf3 56. b8=Q h2 57. Qxh2 Bg5 58. Qg3 Kf7 59. Qxg5 f2 60. Rf5+ Ke6 61. Qf6+ Kd7 62. Rd5+ Kc8 63. Qxd8+ Kb7 64. a8=Q# 1-0


[Site "https://www.chess.com"]

[Event "Titled Tuesday Blitz July 18 Late 2023"]
[White "Salazar Farias, Luis German"]
[Black "Bachmann, Axel"]
[WhiteFideId "3902170"]
[BlackFideId "3700488"]
[WhiteElo "2538"]
[BlackElo "2836"]
[Result "0-1"]
[Round "4"]
[TimeControl "180+2"]
[Date "2023.07.18"]
[WhiteClock "0:00:02"]
[BlackClock "0:01:14"]
[Board "42"]

1. d4 Nf6 2. c4 e6 3. Nf3 c5 4. d5 exd5 5. cxd5 d6 6. Nc3 g6 7. Nd2 Bg7 8. e4 O-O 9. Be2 a6 10. a4 Nbd7 11. O-O Re8 12. f4 c4 13. Kh1 Nc5 14. e5 dxe5 15. fxe5 Rxe5 16. Nxc4 Re8 17. Bg5 h6 18. Bh4 g5 19. Bf2 Nfe4 20. Nxe4 Nxe4 21. Bg1 Bd7 22. Nb6 Rb8 23. Bh5 Rf8 24. Qc2 f5 25. Rad1 Be8 26. Bxe8 Rxe8 27. Rxf5 Qd6 28. Rff1 Rbd8 29. Nc4 Qg6 30. Qb3 b5 31. axb5 axb5 32. Qxb5 Qh5 33. Rd3 Rf8 34. Rdf3 Ng3+ 35. Rxg3 Rxf1 36. Ne3 Rb1 37. Qb6 Rf8 38. d6 Qe2 39. h3 Qf2 40. Qb3+ Kh8 41. Nd1 Rxd1 42. Qxd1 Qxg3 43. d7 Rd8 44. Bb6 Be5 45. Kg1 Rf8 46. d8=Q Qh2# 0-1


[Site "https://www.chess.com"]

[Event "Titled Tuesday Blitz July 18 Late 2023"]
[White "Oro, Faustino"]
[Black "Marosi, Levente"]
[WhiteFideId "20000197"]
[BlackFideId "747181"]
[WhiteElo "2782"]
[BlackElo "2535"]
[Result "1/2-1/2"]
[Round "4"]
[TimeControl "180+2"]
[Date "2023.07.18"]
[WhiteClock "0:00:04"]
[BlackClock "0:00:06"]
[Board "43"]

1. Nf3 Nf6 2. b3 g6 3. Bb2 Bg7 4. g3 O-O 5. Bg2 d6 6. d4 Nbd7 7. O-O Re8 8. c4 e5 9. dxe5 Ng4 10. Nc3 dxe5 11. Qc2 c6 12. Ne4 Nh6 13. Nd6 Rf8 14. Ba3 Qa5 15. Qc1 e4 16. Nxe4 Re8 17. Nd6 Rxe2 18. Rb1 Rxa2 19. Bb2 Rxb2 20. Rxb2 Nf8 21. Re2 Be6 22. Ng5 Qb4 23. Nxe6 Nxe6 24. Ne4 Qxb3 25. Re3 Qb4 26. Rd3 Nf5 27. Rfd1 Nfd4 28. Kh1 c5 29. Nd6 Rb8 30. Qe3 b6 31. h4 h5 32. Bd5 Rd8 33. Nxf7 Kxf7 34. Bxe6+ Nxe6 35. Rxd8 Nxd8 36. Rd7+ Kg8 37. Qe8+ Kh7 38. Qxd8 Qxc4 39. Kg1 Qc3 40. Qc7 c4 41. Qxa7 b5 42. Rb7 b4 43. Qb6 b3 44. Qb5 Qc1+ 45. Kg2 Qc3 46. Rc7 b2 47. Rb7 Qc2 48. Qd7 Qe4+ 49. Kh2 Qe5 50. f4 Qe2+ 51. Kg1 Qe1+ 52. Kg2 Qe2+ 53. Kg1 Qe1+ 54. Kh2 Qf2+ 55. Kh3 Qf1+ 56. Kh2 Qf2+ 57. Kh1 Qf3+ 58. Kh2 Qf2+ 1/2-1/2


[Site "https://www.chess.com"]

[Event "Titled Tuesday Blitz July 18 Late 2023"]
[White "Rangel, Daniel"]
[Black "Zelbel, Patrick"]
[WhiteFideId "2124475"]
[BlackFideId "24624322"]
[WhiteElo "2534"]
[BlackElo "2773"]
[Result "0-1"]
[Round "4"]
[TimeControl "180+2"]
[Date "2023.07.18"]
[WhiteClock "0:00:18"]
[BlackClock "0:01:31"]
[Board "44"]

1. c4 c5 2. g3 g6 3. Bg2 Bg7 4. Nc3 Nc6 5. e3 h5 6. h4 d6 7. Nge2 Bd7 8. b3 Nh6 9. Bb2 a6 10. d4 cxd4 11. Nxd4 Nxd4 12. exd4 Nf5 13. Bxb7 Rb8 14. Bg2 Bxd4 15. O-O e5 16. Re1 Kf8 17. Qd3 g5 18. hxg5 h4 19. g4 h3 20. gxf5 Qxg5 21. Qf3 hxg2 22. Ne4 Rh1# 0-1


[Site "https://www.chess.com"]

[Event "Titled Tuesday Blitz July 18 Late 2023"]
[White "Oganian, Miran"]
[Black "Zhang, Derek"]
[WhiteFideId "4122488"]
[BlackFideId "2087871"]
[WhiteElo "2765"]
[BlackElo "2532"]
[Result "1-0"]
[Round "4"]
[TimeControl "180+2"]
[Date "2023.07.18"]
[WhiteClock "0:02:41"]
[BlackClock "0:01:11"]
[Board "45"]

1. e4 e6 2. d4 d5 3. Nc3 Bb4 4. a3 Bxc3+ 5. bxc3 dxe4 6. f3 e3 7. Bxe3 Nd7 8. Bd3 Ngf6 9. Ne2 b6 10. O-O Bb7 11. Ng3 h6 12. f4 g6 13. Qe2 Qe7 14. a4 a5 15. Bc1 Nd5 16. Ba3 Qf6 17. Ne4 Qg7 18. c4 Qxd4+ 19. Kh1 Ne3 20. c3 1-0


[Site "https://www.chess.com"]

[Event "Titled Tuesday Blitz July 18 Late 2023"]
[White "MFatigue"]
[Black "Fantastic_Power"]
[WhiteElo "2532"]
[BlackElo "2735"]
[Result "0-1"]
[Round "4"]
[TimeControl "180+2"]
[Date "2023.07.18"]
[WhiteClock "0:00:00"]
[BlackClock "0:00:04"]
[Board "46"]

1. e4 c5 2. a3 e5 3. Bc4 Nc6 4. Nc3 Be7 5. d3 d6 6. Nf3 Nf6 7. h3 O-O 8. O-O Be6 9. Nd5 h6 10. Be3 a6 11. a4 Rb8 12. Ba2 Nh7 13. Qd2 Nd4 14. Nh2 Bg5 15. f4 exf4 16. Nxf4 Bxa2 17. Rxa2 f5 18. c3 Bxf4 19. Bxf4 Ne6 20. exf5 Rxf5 21. Bg3 Rxf1+ 22. Nxf1 Qd7 23. Ra1 Rf8 24. Re1 Neg5 25. d4 c4 26. d5 Nf6 27. Bf4 Nfe4 28. Qe3 Qf5 29. Bxg5 Nxg5 30. Ng3 Qxd5 31. h4 Nh7 32. Re2 Nf6 33. Rd2 Qf7 34. Rxd6 Re8 35. Qd4 Kh7 36. Nf5 Qg6 37. Ne3 Qb1+ 38. Kh2 Re4 39. Qd2 Rxh4+ 40. Kg3 Ne4+ 41. Kxh4 Nxd2 42. Rxd2 Qe4+ 43. Ng4 Qe1+ 44. Rf2 Qd1 45. Kh3 Qxa4 46. Ne5 Qb5 47. Nf3 Qf5+ 48. Kh2 Qd3 49. Nd4 a5 50. Rf7 Qe4 51. Rc7 Qe5+ 0-1


[Site "https://www.chess.com"]

[Event "Titled Tuesday Blitz July 18 Late 2023"]
[White "Garakov, Mikhael"]
[Black "Sokolovsky, Yahli"]
[WhiteFideId "4169034"]
[BlackFideId "2820242"]
[WhiteElo "2528"]
[BlackElo "2730"]
[Result "0-1"]
[Round "4"]
[TimeControl "180+2"]
[Date "2023.07.18"]
[WhiteClock "0:00:00"]
[BlackClock "0:00:03"]
[Board "47"]

1. e4 d6 2. d4 Nf6 3. Nc3 g6 4. f4 Bg7 5. Nf3 Nc6 6. e5 dxe5 7. fxe5 Nd5 8. Nxd5 Qxd5 9. Be2 Bg4 10. Be3 O-O-O 11. h3 Qe4 12. Kf2 Nxd4 13. Nxd4 Bxe2 14. Qxe2 Rxd4 15. Bxd4 Qxd4+ 16. Qe3 Qxb2 17. Rhe1 Rd8 18. Kg1 Qd4 19. c3 Qxe3+ 20. Rxe3 Rd2 21. a4 b6 22. a5 b5 23. a6 c6 24. c4 b4 25. c5 Rd4 26. Rb1 Rc4 27. Reb3 Bxe5 28. Rxb4 Rxc5 29. Rb7 Bc7 30. Rxa7 Ra5 31. Ra8+ Kd7 32. a7 c5 0-1


[Site "https://www.chess.com"]

[Event "Titled Tuesday Blitz July 18 Late 2023"]
[White "Estrada Nieto, Julian"]
[Black "Riehle, Marco"]
[WhiteFideId "5101018"]
[BlackFideId "12904392"]
[WhiteElo "2528"]
[BlackElo "2727"]
[Result "0-1"]
[Round "4"]
[TimeControl "180+2"]
[Date "2023.07.18"]
[WhiteClock "0:00:00"]
[BlackClock "0:01:38"]
[Board "48"]

1. e4 e5 2. Nf3 Nf6 3. d4 Nxe4 4. Bd3 Nc6 5. Bxe4 d5 6. Bd3 e4 7. Be2 exf3 8. Bxf3 Bd6 9. O-O O-O 10. c3 Bf5 11. Re1 Qd7 12. Nd2 Ne7 13. Nf1 Ng6 14. Ne3 Be6 15. Nxd5 Bxd5 16. Bxd5 Bxh2+ 17. Kxh2 Qxd5 18. Qb3 Qh5+ 19. Kg1 b6 20. Bd2 Nh4 21. Bf4 h6 22. Qc4 c5 23. d5 Qg4 24. Qe4 Rae8 25. Be5 Qg5 26. f4 Qg4 27. f5 Qxe4 28. Rxe4 Nxf5 29. Rae1 h5 30. Bf4 Rxe4 31. Rxe4 Rd8 32. c4 b5 33. b3 bxc4 34. bxc4 f6 35. Re6 Kf7 36. Rc6 g5 37. Bc7 Re8 38. Rxc5 Re1+ 39. Kf2 Rd1 40. Ke2 Rd4 41. Ra5 h4 42. Rxa7 Kg6 43. d6 Nxd6 44. Bxd6 Rxd6 45. c5 Re6+ 46. Kd3 g4 47. Ra8 Re5 48. Kd4 Re2 49. Rg8+ Kf5 50. c6 Rxg2 51. c7 Rc2 52. c8=Q+ Rxc8 53. Rxc8 g3 54. Rg8 Kf4 55. a4 h3 56. a5 h2 57. Rh8 g2 58. Rxh2 g1=Q+ 0-1


[Site "https://www.chess.com"]

[Event "Titled Tuesday Blitz July 18 Late 2023"]
[White "ArtemDyachuk"]
[Black "Fernandez, Daniel"]
[BlackFideId "2015390"]
[WhiteElo "2524"]
[BlackElo "2725"]
[Result "1-0"]
[Round "4"]
[TimeControl "180+2"]
[Date "2023.07.18"]
[WhiteClock "0:00:13"]
[BlackClock "0:00:47"]
[Board "49"]

1. e4 g6 2. d4 Bg7 3. Nc3 a6 4. a4 d6 5. Be3 b6 6. Bc4 e6 7. h4 h6 8. h5 g5 9. Qd2 Bb7 10. Nge2 Ne7 11. f4 d5 12. exd5 Nxd5 13. Nxd5 Bxd5 14. Bxd5 Qxd5 15. Nc3 Qd8 16. fxg5 hxg5 17. O-O-O Bh6 18. d5 e5 19. Rhf1 Nd7 20. Qf2 O-O 21. d6 f5 22. Qe2 c6 23. Qc4+ Kh7 24. Rxf5 Rxf5 25. Qe4 Qf6 26. Rf1 Rf8 27. g4 Qxd6 28. Rxf5 Kg7 29. Bxg5 Nc5 30. Qxe5+ Qxe5 31. Bxh6+ Kxh6 32. Rxe5 Rf4 33. a5 Nd7 34. Re6+ Kg5 35. Rg6+ Kh4 36. axb6 Nxb6 37. b3 Nd7 38. h6 Ne5 39. Rg7 Kg3 40. h7 Rf1+ 41. Kb2 Rh1 42. g5 Kf4 43. g6 c5 44. Rg8 Nxg6 45. Rxg6 Rxh7 46. Rxa6 Rh2 47. Ra4+ Ke5 48. Rc4 Kd6 49. Na4 1-0


[Site "https://www.chess.com"]

[Event "Titled Tuesday Blitz July 18 Late 2023"]
[White "Nasuta, Grzegorz"]
[Black "Droin, Augustin"]
[WhiteFideId "1141686"]
[BlackFideId "45105987"]
[WhiteElo "2722"]
[BlackElo "2525"]
[Result "1-0"]
[Round "4"]
[TimeControl "180+2"]
[Date "2023.07.18"]
[WhiteClock "0:00:15"]
[BlackClock "0:01:05"]
[Board "50"]

1. e4 c5 2. Nf3 Nc6 3. Bb5 Qb6 4. Nc3 e6 5. Bxc6 bxc6 6. e5 f6 7. O-O fxe5 8. Nxe5 Nf6 9. d3 Be7 10. Bf4 O-O 11. Nc4 Qd8 12. Bd6 Bxd6 13. Nxd6 Qe7 14. Nce4 Ne8 15. Nxe8 Rxe8 16. Re1 d5 17. Nd2 Rf8 18. Qe2 Qf6 19. b3 e5 20. h3 Bd7 21. Qe3 Qg6 22. Kh2 Rae8 23. Qxc5 Qh6 24. Qe3 Qxe3 25. fxe3 Rf2 26. Rad1 Ref8 27. Kg1 R8f6 28. Rf1 Re2 29. Rxf6 gxf6 30. Kf1 Rxe3 31. Kf2 d4 32. Nc4 1-0


[Site "https://www.chess.com"]

[Event "Titled Tuesday Blitz July 18 Late 2023"]
[White "Poltorak, Sebastian"]
[Black "Smirnov, Pavel"]
[WhiteFideId "1199498"]
[BlackFideId "4123425"]
[WhiteElo "2521"]
[BlackElo "2709"]
[Result "1-0"]
[Round "4"]
[TimeControl "180+2"]
[Date "2023.07.18"]
[WhiteClock "0:01:09"]
[BlackClock "0:00:18"]
[Board "51"]

1. e4 e5 2. Nc3 Nf6 3. d4 exd4 4. Qxd4 Nc6 5. Qd3 Bc5 6. Bg5 Bxf2+ 7. Ke2 Bc5 8. Nd5 Be7 9. Nxe7 Qxe7 10. Re1 Qxe4+ 11. Kd1 d5 12. Bxf6 Qxe1+ 13. Kxe1 gxf6 14. Nf3 Be6 15. Nd4 O-O-O 16. Nxc6 bxc6 17. Kf2 Kd7 18. Qd4 Rb8 19. Bd3 a5 20. Re1 Rhg8 21. Qxf6 Kd6 22. Bf5 Rbe8 23. Bxe6 fxe6 24. Qe5+ Kd7 25. g3 Rgf8+ 26. Kg2 Rf5 27. Qe3 e5 28. Rf1 Rxf1 29. Kxf1 e4 30. Ke2 Re6 31. h4 Rg6 32. Qf4 c5 33. h5 Re6 34. Qf7+ Kd6 35. Qxh7 d4 36. b3 a4 37. h6 axb3 38. axb3 Re5 1-0


[Site "https://www.chess.com"]